 Dungeon Crawl Stone Soup version 0.31-a0-1027-gfb7600b534 (webtiles) character file.

Game seed: 10861519305888462295

7256 ChronoRanger the Thaumaturge (level 11, -6/54 HPs)
             Began as a Gargoyle Earth Elementalist on Nov 18, 2023.
             Was a Follower of Vehumet.
             Mangled by a cane toad (9 damage)
             ... on level 1 of the Lair of Beasts.
             The game lasted 00:22:56 (10222 turns).

ChronoRanger the Thaumaturge (GrEE)                Turns: 10222, Time: 00:22:56

Health: -6/54      AC: 16    Str: 12    XL:     11   Next: 12%
Magic:  20/34      EV: 11    Int: 20    God:    Vehumet [*.....]
Gold:   502        SH:  5    Dex: 10    Spells: 21/30 levels left

rFire   + . .        a - staff of fire
rCold   . . .        (no shield)
rNeg    + . .        E - +0 steam dragon scales
rPois   ∞            l - +1 helmet
rElec   +            (no cloak)
rCorr   .            F - +0 pair of gloves
SInv    .            (no boots)
Will    +....        j - amulet of reflection
Stlth   ++           t - ring of willpower
HPRegen 0.29/turn    L - ring of magical power
MPRegen 0.24/turn

%: reflection
@: no status effects
A: sickness immunity, AC +8, negative energy resistance 1, electricity
resistance, torment resistance 1, petrification resistance
a: Renounce Religion


You were on level 1 of the Lair of Beasts.
You worshipped Vehumet.
Vehumet was aware of your devotion.
You visited 3 branches of the dungeon, and saw 10 of its levels.

You collected 502 gold pieces.

Inventory:

Hand Weapons
 f - a +0 whip
 n - a +2 mace of holy wrath
 q - a +0 whip of electrocution
 D - a +2 long sword of flaming
Armour
 l - a +1 helmet (worn)
 y - a +0 buckler
 E - +0 steam dragon scales (worn)
 F - a +0 pair of gloves (worn)
 G - the +0 robe of Lomif {Rampage Int+2}
   (You found it on level 6 of the Dungeon)

   Int+2:     It affects your intelligence (+2).
   Rampage:   It bestows one free step when moving towards enemies.
Magical Staves
 a - a staff of fire (weapon)
Jewellery
 b - an amulet of regeneration
 j - an amulet of reflection (around neck)
 t - a ring of willpower (left hand)
 z - a ring of flight
 L - a ring of magical power (right hand)
Wands
 h - a wand of quicksilver (24)
 A - a wand of charming (21)
 C - a wand of polymorph (8)
 J - a wand of flame (15)
 K - a wand of roots (9)
Scrolls
 c - 2 scrolls of noise
 i - a scroll of fog {unknown}
 k - 2 scrolls of teleportation {unknown}
 o - 2 scrolls of poison
 r - a scroll of amnesia
 v - a scroll of enchant weapon {unknown}
 w - a scroll of revelation {unknown}
 H - 2 scrolls of butterflies {unknown}
 M - a scroll of fear {unknown}
Potions
 d - a potion of brilliance {unknown}
 e - a potion of enlightenment
 g - a potion of berserk rage {unknown}
 m - 2 potions of mutation
 p - 3 potions of heal wounds
 s - 2 potions of curing
 u - a potion of ambrosia {unknown}
 B - a potion of resistance {unknown}
 I - a potion of attraction {unknown}


   Skills:
 - Level 1.5 Dodging
 - Level 2.1 Stealth
 - Level 10.0 Spellcasting
 + Level 9.7 Conjurations
 - Level 0.7 Transmutations
 + Level 8.1 Fire Magic
 - Level 7.2 Earth Magic


You had 21 spell levels left.
You knew the following spells:

 Your Spells              Type           Power      Damage    Failure   Level
a - Sandblast             Erth           76%        2d16      1%          1
b - Stone Arrow           Conj/Erth      86%        3d12      1%          3
c - Fireball              Conj/Fire      31%        3d13      4%          5

Your spell library contained the following spells:

 Spells                   Type           Power      Damage    Failure   Level
 Magic Dart               Conj           100%       1d8       1%          1
 Passwall                 Tmut/Erth      20%        N/A       1%          2
 Brom's Barrelling Bould  Conj/Erth      43%        2d6       2%          4
 Sting                    Tmut/Pois      44%        1d5       6%          1
 Poisonous Vapours        Pois/Air       20%        N/A       11%         2
 Petrify                  Tmut/Erth      25%        N/A       14%         4
 Frozen Ramparts          Ice            20%        1d4       21%         3
 Cause Fear               Hex            5%         N/A       56%         4
 Olgreb's Toxic Radiance  Pois           10%        N/A       56%         4
 Metabolic Englaciation   Hex/Ice        5%         N/A       88%         5
 Dragon's Call            Summ           5%         N/A       100%        9


Dungeon Overview and Level Annotations

Branches:
Dungeon (8/15)             Temple (1/1) D:7            Lair (1/5) D:8

Altars:
Ashenzari
Cheibriados
Dithmenos
Elyvilon
Fedhas
Gozag
Hepliaklqana
Kikubaaqudgha
Makhleb
Nemelex Xobeh
Okawaru
Qazlal
Ru
Sif Muna
Trog
Uskayaw
Vehumet
Wu Jian
Xom
Yredelemnul
Zin
The Shining One

Shops:
D:3 :


Innate Abilities, Weirdness & Mutations

You are immune to sickness and miasma.
Your stone body is resilient. (AC +8)
You are immune to poison.
You resist negative energy. (rN+)
You are resistant to electric shocks. (rElec)
You are resistant to unholy torment.
You are immune to petrification.


Message History

Aiming: Stone Arrow (safe; 1% risk of failure)
Press: ? - help, Shift-Dir - straight line, f - cane toad
Aim: a cane toad (79% to hit)
The stone arrow hits the cane toad!
The cane toad is moderately wounded.
The cane toad stings you. The cane toad completely misses you.
The cane toad barely misses you. You block the cane toad's attack.
The cane toad attacks as it pursues you!
The cane toad stings you but does no damage.
Casting: Stone Arrow (safe; 1% risk of failure)
Confirm with . or Enter, or press ? or * to list all spells.
Aiming: Stone Arrow (safe; 1% risk of failure)
Press: ? - help, Shift-Dir - straight line, f/p - cane toad
Aim: a cane toad (moderately wounded, 79% to hit)
The stone arrow hits the cane toad.
The cane toad is moderately wounded.
The cane toad stings you!
* * * LOW HITPOINT WARNING * * *
The cane toad stings you!
* * * LOW HITPOINT WARNING * * *
You block the cane toad's attack.
The cane toad attacks as it pursues you!
The cane toad stings you.
* * * LOW HITPOINT WARNING * * *
The cane toad attacks as it pursues you!
The cane toad stings you.
* * * LOW HITPOINT WARNING * * *
The cane toad stings you but does no damage.
The cane toad attacks as it pursues you!
The cane toad stings you but does no damage.
The cane toad attacks as it pursues you!
The cane toad stings you!
* * * LOW HITPOINT WARNING * * *
The cane toad attacks as it pursues you!
You block the cane toad's attack.
The cane toad attacks as it pursues you!
The cane toad stings you but does no damage.
The yak closely misses you. The yak gores you but does no damage.
The cane toad stings you!
You die...

......F.....#....
####.##.F....####
##........#
#########....>.#
###....Y.#.Y......
#+##.F.....Y...Y#..#. .
#..F##†....##.....P..
.....#.F.Y†....##........
........@###...##......##
##..##..###.#.###........
#.# #...................
. .....................
######################


You could see 3 yaks and 2 cane toads.

Vanquished Creatures
  Erica (D:8)
  3 death yaks (D:8)
  A cane toad (Lair:1)
  Maggie (D:6)
  A polar bear (Lair:1)
  5 blink frogs (Lair:1)
  A vampire (D:8)
  2 steam dragons
  Duvessa (D:6)
  2 orc warriors
  An ice beast (D:6)
  3 ogres
  A centaur (D:8)
  A phantom (D:5)
  A bullfrog (D:7)
  2 scorpions
  Dowan (D:6)
  9 wights
  6 killer bees
  4 hounds
  A jelly (D:7)
  2 gnoll boudas (D:6)
  5 orc priests
  3 sleepcaps
  4 iguanas
  5 orc wizards
  2 hell rats (D:8)
  9 gnolls
  5 adders
  3 river rats (D:8)
  A white imp (D:7)
  2 ufetubi (D:6)
  3 worms
  2 dart slugs
  27 orcs
  7 bats
  11 endoplasms
  4 giant cockroaches
  9 goblins
  7 hobgoblins
  7 jackals
  5 quokkas
  11 ball pythons
  4 frilled lizards
  5 kobolds
  10 rats
201 creatures vanquished.

Vanquished Creatures (others)
  An orc warrior (D:7)
  A bullfrog (D:7)
  A wight (D:7)
  A white imp (D:7)
4 creatures vanquished.

Grand Total: 205 creatures vanquished

Notes
Turn   | Place    | Note
-------+----------+-------------------------------------------
     0 | D:1      | ChronoRanger the Gargoyle Earth Elementalist began the
                  | quest for the Orb.
     0 | D:1      | Reached XP level 1. HP: 10/10 MP: 3/3
   147 | D:1      | Reached XP level 2. HP: 15/15 MP: 3/5
   539 | D:1      | Reached XP level 3. HP: 19/19 MP: 4/7
   547 | D:1      | Learned a level 3 spell: Stone Arrow
   675 | D:1      | Reached skill level 3 in Spellcasting
   837 | D:1      | Found a faded altar of an unknown god.
  1508 | D:2      | Reached XP level 4. HP: 24/24 MP: 7/9
  2605 | D:3      | Reached XP level 5. HP: 28/28 MP: 8/10
  2637 | D:3      | Reached skill level 4 in Spellcasting
  2643 | D:3      | Learned a level 5 spell: Fireball
  2709 | D:3      | Found Wudialezae's Vocational Training.
  2717 | D:3      | Reached skill level 5 in Earth Magic
  2958 | D:3      | Found a large runed translucent door.
  2959 | D:3      | Found a large runed translucent door.
  3458 | D:3      | Found a hazy altar of Hepliaklqana.
  3461 | D:3      | Found a glowing golden altar of the Shining One.
  3772 | D:4      | Reached XP level 6. HP: 32/32 MP: 8/13
  4009 | D:4      | Reached skill level 5 in Spellcasting
  4587 | D:5      | Entered Level 5 of the Dungeon
  4629 | D:5      | Reached skill level 1 in Conjurations
  4629 | D:5      | Reached XP level 7. HP: 36/36 MP: 10/15
  4991 | D:5      | Reached skill level 6 in Spellcasting
  5337 | D:6      | Reached XP level 8. HP: 41/41 MP: 10/17
  5497 | D:6      | Noticed Maggie
  5510 | D:6      | Killed Maggie
  5511 | D:6      | Reached skill level 7 in Spellcasting
  5705 | D:6      | Identified the beast talisman of Ishirph {Int+5}
  5750 | D:6      | Identified the +0 robe of Lomif {Rampage Int+2}
  6061 | D:6      | Noticed Duvessa
  6062 | D:6      | Noticed Dowan
  6086 | D:6      | Killed Duvessa
  6087 | D:6      | Reached skill level 1 in Fire Magic
  6093 | D:6      | Killed Dowan
  6966 | D:7      | Reached XP level 9. HP: 43/45 MP: 4/20
  7132 | D:7      | Reached skill level 8 in Spellcasting
  7142 | D:7      | Reached skill level 5 in Conjurations
  7429 | D:7      | Found a staircase to the Ecumenical Temple.
  7438 | Temple   | Entered the Ecumenical Temple
  7459 | Temple   | Became a worshipper of Vehumet
  8117 | D:8      | Noticed a death yak
  8117 | D:8      | Noticed Erica
  8378 | D:8      | Reached skill level 9 in Spellcasting
  8605 | D:8      | Killed Erica
  8606 | D:8      | Reached XP level 10. HP: 40/50 MP: 3/23
  9190 | D:8      | Reached skill level 5 in Fire Magic
  9198 | D:8      | Reached skill level 10 in Spellcasting
  9414 | D:8      | Killed a death yak
  9417 | D:8      | Reached * piety under Vehumet
  9417 | D:8      | Offered knowledge of Magic Dart by Vehumet.
  9524 | D:8      | Noticed a death yak
  9524 | D:8      | Noticed a death yak
  9547 | D:8      | Killed a death yak
  9563 | D:8      | Killed a death yak
  9765 | D:8      | Found a staircase to the Lair.
 10078 | Lair:1   | Entered Level 1 of the Lair of Beasts
 10089 | Lair:1   | Reached XP level 11. HP: 29/54 MP: 16/25
 10218 | Lair:1   | HP: 1/54 [cane toad (10)]
 10222 | Lair:1   | Mangled by a cane toad

Illustrated notes

Levels and vault maps discovered:
D:1:      dpeg_arrival_leaves_temple_mockup, layout_loops_ring,
          shapermc_ecumenical_altar_flowoftime
D:2:      layout_loops_corners, corexii_shack, kennysheep_generic_room_14
D:3:      layout_loops_ring, jmf_multi_god_temple2, nicolae_shop_vocational
D:4:      layout_basic, minmay_misc_feat_encased
D:5:      layout_rooms
D:6:      layout_layer_cave, corexii_item_surrounded_by_moat, uniq_maggie,
          uniq_duvessa
D:7:      layout_rooms, minmay_temple_entry_mini_moons
D:8:      layout_layer_cave, dpeg_lair_monsters, nicolae_figureground_sparkle,
          uniq_erica
Temple:   nicolae_temple_slightly_damp_pantheon
Lair:1:   layout_regular_city, minivault_23, minivault_19, kennysheep_rathole,
          grunt_megastairs_4, lemuel_fruit_tree, lemuel_fruit_fields

Skill      XL: |  1  2  3  4  5  6  7  8  9 10 11 |
---------------+----------------------------------+-----
Earth Magic    | 4 5 6 7 |  7.2
Spellcasting   | 3 4 5 6 7 9 10 | 10.0
Conjurations   | 1 2 4 6 9 |  9.7
Fire Magic     | 2 4 7 8 |  8.1
Dodging        | |  1.5
Stealth        | |  2.1
Transmutations | |  0.7

Action                     |  1- 3 |  4- 6 |  7- 9 | 10-12 || total
---------------------------+-------+-------+-------+-------++-------
  Melee: Whip              |     3 |     2 |     2 |       ||     7
         Staff             |       |       |     8 |       ||     8
   Cast: Sandblast         |    59 |   108 |    86 |    17 ||   270
         Stone Arrow       |       |       |    66 |    52 ||   118
         Fireball          |       |       |       |     1 ||     1
  Evoke: Wand              |       |       |     4 |       ||     4
    Use: Scroll            |       |     5 |     3 |     1 ||     9
         Potion            |       |       |     3 |       ||     3
 Armour: Robe              |    12 |    34 |    13 |       ||    59
         Steam dragon scal |       |       |    81 |    42 ||   123
  Dodge: Dodged            |     8 |    32 |    77 |    27 ||   144
  Block: Other             |       |     7 |    22 |     8 ||    37
         Reflection        |       |     2 |       |       ||     2

Table legend: (Time is in decaauts)
 A = Elapsed time spent in this place.
 B = Non-inter-level travel time spent in this place.
 C = Inter-level travel time spent in this place.
 D = Time resting spent in this place.
 E = Time spent auto-exploring this place.
 F = Levels seen in this place.
 G = Mean time per level.
                   A        B        C        D        E       F      G
               +--------+--------+--------+--------+--------+-----+--------+
         Total |  10363 |  10089 |    274 |    439 |   8123 |  10 | 1036.3 |
       Dungeon |  10047 |   9803 |    244 |    439 |   7931 |   8 | 1255.9 |
        Temple |    166 |    136 |     30 |      0 |     91 |   1 |  166.0 |
          Lair |    149 |    149 |      0 |      0 |    101 |   1 |  149.0 |
               +--------+--------+--------+--------+--------+-----+--------+

Top non-repeatable levels by time:
     D:8: 1943 daAuts
     D:6: 1934 daAuts
     D:2: 1289 daAuts
     D:1: 1240 daAuts
     D:4: 1107 daAuts
     D:3: 1027 daAuts
     D:5: 758 daAuts
     D:7: 745 daAuts
  Temple: 166 daAuts
  Lair:1: 149 daAuts
